 Dungeon Crawl Stone Soup version 0.27-a0-1119-gbf574a6a6b (webtiles) character file.

Game seed: 8488723196825580066

42 Zeld the Skirmisher (level 3, -4/26 HPs)
             Began as an Octopode Fighter on May 2, 2021.
             Was an Initiate of Okawaru.
             Splashed by Ijyb's acid (10 damage)
             ... on level 3 of the Dungeon.
             The game lasted 00:01:34 (1871 turns).

Zeld the Skirmisher (Octopode Fighter)              Turns: 1871, Time: 00:01:36

Health: -4/26      AC:  1    Str: 16    XL:     3   Next: 54%
Magic:  3/3        EV: 12    Int: 10    God:    Okawaru [......]
Gold:   127        SH:  9    Dex: 17    Spells: 2/2 levels left

rFire    . . .     SeeInvis .   a - +0 war axe
rCold    . . .     Faith    .   b - +0 kite shield
rNeg     . . .     Spirit   .   (helmet restricted)
rPois    .         Reflect  .   (no amulet)
rElec    .         Harm     .   f - +6 ring of dexterity
rCorr    .         Rampage  .   (no ring)
Will     .....                  (no ring)
Stlth    +++.......             (no ring)
HPRegen  0.08/turn              (no ring)
MPRegen  0.08/turn              (no ring)
                                (no ring)
                                (no ring)

@: no status effects
A: almost no armour, amphibious, 8 rings, camouflage 1, gelatinous body 1,
(nimble swimmer 1), tentacles
a: Renounce Religion


You were on level 3 of the Dungeon.
You worshipped Okawaru.
Okawaru was noncommittal.
You visited 1 branch of the dungeon, and saw 3 of its levels.

You collected 127 gold pieces.

Inventory:

Hand Weapons
 a - a +0 war axe (weapon)
Missiles
 i - 15 poisoned darts (quivered)
Armour
 b - a +0 kite shield (worn)
Jewellery
 f - a +6 ring of dexterity (left tentacle)
Scrolls
 e - 6 scrolls of identify {unknown}
 g - 2 scrolls of noise {unknown}
 j - a scroll of vulnerability {unknown}
Potions
 c - a potion of might
 d - a potion of brilliance {unknown}
 h - a potion of haste {unknown}


   Skills:
 - Level 3.4 Fighting
 - Level 2.7 Axes
 * Level 0.5 Throwing
 - Level 3.0 Dodging
 - Level 3.4 Shields


You had 2 spell levels left.
You didn't know any spells.
Your spell library contained the following spells:

 Spells                   Type           Power      Damage    Failure   Level
 Corona                   Hex            0%         N/A       86%         1
 Ensorcelled Hibernation  Hex/Ice        0%         N/A       94%         2
 Confusing Touch          Hex            0%         N/A       99%         3
 Dazzling Flash           Conj/Hex       0%         N/A       99%         3
 Tukima's Dance           Hex            0%         N/A       99%         3


Dungeon Overview and Level Annotations

Branches:
Dungeon (3/15)

Altars:
Okawaru

Annotations:
D:3 Ijyb


Innate Abilities, Weirdness & Mutations

You cannot wear most types of armour.
You are amphibious.
You can wear up to eight rings at the same time.
Your skin changes colour to match your surroundings (Stealth+).
Your rubbery body absorbs attacks. (AC +1, EV +1)
((You are camouflaged near water. (Stealth+)))
You have tentacles for arms and can constrict up to eight enemies at once.


Message History

The jackal bites you. x2
Found a stone staircase leading up.
You see here a jackal corpse.
You completely miss the jackal. You grab the jackal.
You squeeze the jackal, but do no damage.
You constrict the jackal. You block the jackal's attack.
The jackal closely misses you.
You hit the jackal. You squeeze the jackal.
You kill the jackal!
Okawaru accepts your kill.
No target in view!
No target in view!
You see here a jackal corpse.
No target in view!
HP restored.
You now have 127 gold pieces (gained 16).
Found a stone staircase leading down.
j - a scroll labelled RIGUMO BIXZE
Found a short sword.
No target in view!
No target in view!
No target in view!
Ijyb the Twisted Goblin comes into view.
She is wielding a +0 dagger and carrying a wand of acid (6).
Found 7 gold pieces.
Ijyb is nearby!
Ijyb is nearby!
The helpless Ijyb fails to defend herself.
You slash Ijyb! Your grab misses Ijyb.
Ijyb is moderately wounded.
Ijyb zaps a wand.
The bolt of acid misses you. Ijyb closely misses you.
You hit Ijyb. You grab Ijyb. Your squeeze misses Ijyb.
Ijyb is heavily wounded.
You constrict Ijyb. You block Ijyb's attack. Ijyb hits you with a +0 dagger.
You hit Ijyb but do no damage.
Ijyb is heavily wounded.
You constrict Ijyb.
Ijyb zaps a wand.
The bolt of acid hits you!
Ouch! That really hurt!
* * * LOW HITPOINT WARNING * * *
You are splashed with acid!
You die...

### ..# #.# ##### #.#
#...##.# #$. #......#
#.# ###...##.# #g#
<..#.# #.# #@#
##.#.###.#######.#
##.#.............####.#
##..††..##.#.....).....
####..#.# #.#.########.
# #...#.####...#####
#.#................
#.#...####...######
#......# #####


You could see Ijyb.

Vanquished Creatures
  2 ball pythons (D:2)
  3 endoplasms
  2 giant cockroaches (D:1)
  4 goblins (D:2)
  3 hobgoblins (D:1)
  5 jackals
  2 quokkas (D:1)
  4 bats (D:1)
  6 frilled lizards
  3 kobolds
  3 rats
37 creatures vanquished.

Notes
Turn   | Place    | Note
-------+----------+-------------------------------------------
     0 | D:1      | Zeld the Octopode Fighter began the quest for the Orb.
     0 | D:1      | Reached XP level 1. HP: 16/16 MP: 1/1
   143 | D:2      | Reached XP level 2. HP: 21/21 MP: 2/2
   253 | D:2      | Found an iron altar of Okawaru.
   263 | D:2      | Became a worshipper of Warmaster Okawaru
   336 | D:1      | Found a faded altar of an unknown god.
   736 | D:1      | Reached XP level 3. HP: 26/26 MP: 3/3
  1865 | D:3      | Noticed Ijyb
  1871 | D:3      | Splashed by Ijyb's acid

Illustrated notes

Levels and vault maps discovered:
D:1:      dpeg_arrival_erosion, layout_loops_cross,
          ebering_ecumenical_altar_sacrificial, serial_bayou_ford_a
D:2:      layout_loops_ring, basic_altar, bh_walls_and_bars
D:3:      layout_loops_ring, serial_shops, shop, uniq_terence, uniq_ijyb,
          uniq_sigmund

Action                   || total
-------------------------++-------
Melee: War axe           ||    52
       Constrict         ||    11
       Tentacles         ||     9
 Stab: Sleeping          ||    14
Armor: Skin              ||     4
Dodge: Dodged            ||    23
Block: Kite shield       ||    21

Table legend: (Time is in decaauts)
 A = Elapsed time spent in this place.
 B = Non-inter-level travel time spent in this place.
 C = Inter-level travel time spent in this place.
 D = Time resting spent in this place.
 E = Time spent auto-exploring this place.
 F = Levels seen in this place.
 G = Mean time per level.
                   A        B        C        D        E       F      G
               +--------+--------+--------+--------+--------+-----+--------+
         Total |   1903 |   1773 |    130 |      0 |   1505 |   3 |  634.3 |
       Dungeon |   1903 |   1773 |    130 |      0 |   1505 |   3 |  634.3 |
               +--------+--------+--------+--------+--------+-----+--------+

Top non-repeatable levels by time:
     D:1: 1020 daAuts
     D:2: 822 daAuts
     D:3: 60 daAuts
